 Dungeon Crawl Stone Soup version 0.30.0-29-ga12c61a403 (webtiles) character file.

Game seed: 13452831362493550386

19 growler the Gusty (level 2, 0/15 HPs)
             Began as a Tengu Air Elementalist on June 13, 2023.
             Slain by a jackal (1 damage)
             ... on level 1 of the Dungeon.
             The game lasted 00:02:25 (967 turns).

growler the Gusty (Tengu Air Elementalist)           Turns: 967, Time: 00:02:26

Health: 0/15       AC:  2    Str:  8    XL:     2   Next: 75%
Magic:  2/6        EV: 12    Int: 15    God:
Gold:   21         SH:  0    Dex: 14    Spells: 2/5 levels left

rFire   . . .        (no weapon)
rCold   . . .        (no shield)
rNeg    . . .        a - +0 robe
rPois   .            (helmet restricted)
rElec   .            (no cloak)
rCorr   .            (no gloves)
SInv    .            (boots unavailable)
Will    .....        g - amulet of the acrobat
Stlth   ++           (no ring)
HPRegen 0.22/turn    (no ring)
MPRegen 0.10/turn

%: acrobat
@: no status effects
A: beak, talons 3
a: no special abilities


You were on level 1 of the Dungeon.
You visited 1 branch of the dungeon, and saw 2 of its levels.

You collected 21 gold pieces.

Inventory:

Armour
 a - a +0 robe (worn)
Jewellery
 g - an amulet of the acrobat (around neck)
 i - an amulet of faith
Scrolls
 c - a scroll of fear {unknown}
 e - a scroll of teleportation {unknown}
 f - 2 scrolls of identify {unknown}
Potions
 b - a potion of magic
 d - a potion of degeneration {unknown}
 h - a potion of flight {unknown}


   Skills:
 - Level 2.1 Dodging
 - Level 2.0 Stealth
 + Level 2.3 Spellcasting
 + Level 2.3 Conjurations
 + Level 4.4 Air Magic


You had 2 spell levels left.
You knew the following spells:

 Your Spells              Type           Power      Damage    Failure   Level
a - Shock                 Conj/Air       44%        1d5       5%          1
b - Static Discharge      Conj/Air       22%        2-3/arc   9%          2

Your spell library contained the following spells:

 Spells                   Type           Power      Damage    Failure   Level
 Swiftness                Air            15%        N/A       11%         3
 Airstrike                Air            7%         2d(2-18)  34%         4


Dungeon Overview and Level Annotations

Branches:
Dungeon (2/15)

Altars:

Annotations:
D:2 Jessica, Terence


Innate Abilities, Weirdness & Mutations

You have a beak for a mouth.
You have claws for feet.


Message History

The zap misses the jackal.
The zap hits the dart slug.
The dart slug is heavily wounded.
Jessica shouts, "You're disturbing me!
I'll have to kill you!"
Jessica mumbles some strange words.
Jessica blinks!
The jackal closely misses you.
Casting: Shock (safe; 5% risk of failure)
Confirm with . or Enter, or press ? or * to list all spells.
Aiming: Shock (safe; 5% risk of failure)
Press: ? - help, Shift-Dir - straight line, f/p - dart slug
Aim: a dart slug (heavily wounded, 100% to hit)
The zap hits the jackal.
The jackal is heavily wounded.
The zap hits the jackal.
The jackal is severely wounded.
The zap hits the dart slug.
The dart slug is almost dead.
The jackal bites you. Jessica hits you with a +0 dagger.
You barely miss Jessica. Your peck misses Jessica. The jackal bites you.
The jackal barely misses you.
Jessica gestures wildly while chanting.
Jessica blinks!
The jackal barely misses you. x2
Terence the Incautious comes into view.
He is wielding the +7 Throatcutter {drain, coup de grace}.
The jackal barely misses you. The jackal bites you.
You climb upwards.
There is a stone staircase leading down here.
Unknown command.
You barely miss the jackal.
The jackal is severely wounded.
The jackal bites you. x2
* * * LOW HITPOINT WARNING * * *
Unknown command.
You hit the jackal but do no damage.
The jackal is severely wounded.
The jackal bites you.
* * * LOW HITPOINT WARNING * * *
The jackal bites you.
* * * LOW HITPOINT WARNING * * *
The jackal bites you but does no damage.
The jackal bites you.
You die...

##.##.##.#.##.##.##
#..~⌠~~
##.#.#.###.#.#.##
#..~...
##...#####...##
#..⌠.#.
##.........##
#...P#.
#'#######'###
#..⌠.#_
#..####.....#
#..~.##
##..........#
#..⌠...
######h....#
#..~~~P #@h...##
#...... #..)...#
#..####
#......#####....##
###'##.##.#.#.#.#.
#.##.#..........
#.##.##.#.#.#†#.
#.##...†........
#.#####.#.#.#.#.
#.#.............


You could see 2 jackals.

Vanquished Creatures
  A dart slug (D:1)
  An endoplasm (D:1)
  A giant cockroach (D:1)
  3 goblins (D:1)
  A hobgoblin (D:1)
  2 jackals (D:2)
  A quokka (D:1)
  A ball python (D:1)
  2 bats (D:1)
  A frilled lizard (D:1)
  3 rats (D:1)
17 creatures vanquished.

Notes
Turn   | Place    | Note
-------+----------+-------------------------------------------
     0 | D:1      | growler the Tengu Air Elementalist began the quest for the
                  | Orb.
     0 | D:1      | Reached XP level 1. HP: 10/10 MP: 4/4
   331 | D:1      | Reached XP level 2. HP: 15/15 MP: 3/6
   334 | D:1      | Learned a level 2 spell: Static Discharge
   720 | D:1      | Found a faded altar of an unknown god.
   958 | D:2      | Noticed Jessica
   963 | D:2      | Noticed Terence
   967 | D:1      | Slain by a jackal

Illustrated notes

Levels and vault maps discovered:
D:1:      roderic_octagonal_star, layout_basic,
          shapermc_ecumenical_altar_acropolis, st_stairs_11, minmay_tetromino_l2
D:2:      layout_loops_cross, serial_bayou_lagoon_a, uniq_crazy_yiuf_cottage,
          uniq_jessica, uniq_terence

Skill      XL: |  1 |
---------------+----+-----
Conjurations   | 2 |  2.3
Dodging        | |  2.1
Stealth        | |  2.0
Spellcasting   | |  2.3
Air Magic      | |  4.4

Action                     || total
---------------------------++-------
  Melee: Unarmed           ||     7
   Cast: Shock             ||    30
         Static Discharge  ||     1
 Armour: Robe              ||     1
  Dodge: Dodged            ||    13
